 Dungeon Crawl Stone Soup version 0.30.1-9-gdf580d7c3d (webtiles) character file.

Game seed: 3724102860731286469

70 coolio the Conjurer (level 4, -2/30 HPs)
             Began as a Demonspawn Conjurer on Oct 12, 2023.
             Slain by an iguana (13 damage)
             ... on level 3 of the Dungeon.
             The game lasted 00:02:24 (2191 turns).

coolio the Conjurer (Demonspawn Conjurer)           Turns: 2191, Time: 00:02:24

Health: -2/30      AC:  3    Str:  7    XL:     4   Next: 3%
Magic:  0/7        EV: 17    Int: 22    God:
Gold:   187        SH:  0    Dex: 11    Spells: 5/8 levels left

rFire   . . .        c - +0 club
rCold   . . .        (no shield)
rNeg    . . .        a - +0 robe
rPois   .            (helmet restricted)
rElec   .            (no cloak)
rCorr   .            (no gloves)
SInv    .            e - +0 pair of boots
Will    .....        (no amulet)
Stlth   ++           (no ring)
HPRegen 0.25/turn    (no ring)
MPRegen 0.10/turn

%: no passive effects
@: agile
A: horns 1, foul stench 1, powered by pain 1
a: no special abilities


You were on level 3 of the Dungeon.
You visited 1 branch of the dungeon, and saw 3 of its levels.

You collected 187 gold pieces.

Inventory:

Hand Weapons
 c - a +0 club (weapon)
Armour
 a - a +0 robe (worn)
 e - a +0 pair of boots (worn)
Magical Staves
 f - a staff of fire
Jewellery
 n - an amulet of regeneration
Wands
 k - a wand of quicksilver (9)
Scrolls
 h - 2 scrolls of vulnerability {unknown}
 l - 3 scrolls of identify {unknown}
 o - a scroll of fear {unknown}
Potions
 b - a potion of magic
 d - 3 potions of curing {unknown}
 g - a potion of heal wounds {unknown}
 i - a potion of lignification {unknown}
 j - 3 potions of mutation {unknown}
 m - 2 potions of ambrosia {unknown}


   Skills:
 + Level 2.4 Dodging
 - Level 1.7 Stealth
 + Level 2.6 Spellcasting
 * Level 4.9 Conjurations


You had 5 spell levels left.
You knew the following spells:

 Your Spells              Type           Power      Damage    Failure   Level
a - Magic Dart            Conj           96%        1d7       1%          1
b - Searing Ray           Conj           48%        2d6       2%          2

Your spell library contained the following spells:

 Spells                   Type           Power      Damage    Failure   Level
 Apportation              Tloc           4%         N/A       13%         1
 Necrotise                Necr           8%         1d4       13%         1
 Summon Small Mammal      Summ           8%         N/A       13%         1
 Dazzling Flash           Conj/Hex       26%        N/A       14%         3
 Fulminant Prism          Conj/Hex       6%         3d7       43%         4
 Iskenderun's Mystic Bla  Conj/Tloc      13%        2d5       43%         4


Dungeon Overview and Level Annotations

Branches:
Dungeon (3/15)

Altars:


Innate Abilities, Weirdness & Mutations

You have a pair of small horns on your head.
You may rarely emit foul miasma when damaged in melee.
You sometimes gain a little power by taking damage.


Message History

An iguana is nearby!
An iguana is nearby!
The magic dart hits the iguana but does no damage.
The iguana hisses angrily.
The magic dart hits the iguana.
The iguana is lightly wounded.
The magic dart hits the iguana but does no damage.
The iguana is lightly wounded.
Casting: Magic Dart (safe; 1% risk of failure)
Confirm with . or Enter, or press ? or * to list all spells.
Aiming: Searing Ray (safe; 2% risk of failure)
Press: ? - help, Shift-Dir - straight line, f/p - iguana
Aim: an iguana (lightly wounded, 82% to hit)
The searing ray misses the iguana. (Press . to maintain the ray.)
The searing ray hits the iguana.
The iguana is heavily wounded.
The searing ray hits the iguana.
The iguana is severely wounded.
Without enough magic to sustain it, your searing ray dissipates.
The iguana barely misses you.
You hit the iguana.
You headbutt the iguana, but do no damage.
The iguana is severely wounded.
The iguana bites you!
You focus on the pain.
You feel agile all of a sudden.
You barely miss the iguana. Your headbutt misses the iguana.
The iguana is severely wounded.
The iguana bites you!
You are too injured to fight recklessly!
You are too injured to fight recklessly!
You are too injured to fight recklessly!
You hit the iguana but do no damage.
The iguana is severely wounded.
The iguana closely misses you.
You barely miss the iguana.
You headbutt the iguana, but do no damage.
The iguana is severely wounded.
The iguana bites you!
You die...

####.### #....<.# #...#
#.##[#.# #.†.####
#.#....## #......
........# #.....
#.#....## #.... #......#
#...# .......## #.l.#
........# #.@.# .(#.....#
##...### ..#.....#
#......#
..###...###.##....#.###
..###....##...........#
.........#####....(.(.#
####.......###...###..###
#.............# #....#
#......>###...# #..#.#


You could see an iguana.

Vanquished Creatures
  A gnoll (D:1)
  An adder (D:2)
  3 worms (D:2)
  A dart slug (D:1)
  5 bats
  4 endoplasms
  A giant cockroach (D:1)
  3 goblins
  A hobgoblin (D:2)
  4 jackals (D:1)
  2 quokkas
  3 ball pythons
  4 frilled lizards (D:1)
  4 kobolds
  4 rats
41 creatures vanquished.

Notes
Turn   | Place    | Note
-------+----------+-------------------------------------------
     0 | D:1      | coolio the Demonspawn Conjurer began the quest for the Orb.
     0 | D:1      | Reached XP level 1. HP: 13/13 MP: 3/3
   232 | D:1      | Gained mutation: You sometimes gain a little power by
                  | taking damage. [demonic ancestry]
   232 | D:1      | Reached XP level 2. HP: 11/19 MP: 1/5
   699 | D:1      | Gained mutation: You have a pair of small horns on your
                  | head. [demonic ancestry]
   699 | D:1      | Reached XP level 3. HP: 24/24 MP: 1/6
  1229 | D:1      | Learned a level 2 spell: Searing Ray
  1893 | D:2      | Gained mutation: You may rarely emit foul miasma when
                  | damaged in melee. [demonic ancestry]
  1893 | D:2      | Reached XP level 4. HP: 30/30 MP: 4/7
  2191 | D:3      | Slain by an iguana

Illustrated notes

Levels and vault maps discovered:
D:1:      tarquinn_simple_flora_water_e, layout_basic, minmay_fountain_box
D:2:      layout_rooms
D:3:      layout_loops_cross, marbit_many_paths, xom_redecorated,
          mainiacjoe_overflow_small_starburst, grunt_ministairs_12

Skill      XL: |  1 |
---------------+----+-----
Dodging        | 2 |  2.4
Stealth        | |  1.7
Spellcasting   | |  2.6
Conjurations   | |  4.9

Action                     |  1- 3 |  4- 6 || total
---------------------------+-------+-------++-------
  Melee: Club              |    32 |     4 ||    36
         Headbutt          |     2 |     2 ||     4
   Cast: Magic Dart        |    81 |     7 ||    88
         Searing Ray       |       |     1 ||     1
 Armour: Robe              |     9 |       ||     9
  Dodge: Dodged            |    37 |     2 ||    39
